 Dungeon Crawl Stone Soup version 0.27-a0-1332-g84bddb5ca7 (webtiles) character file.

Game seed: 16422017888078322981

117 dinky3 the Shield-Bearer (level 5, -1/42 HPs)
             Began as a Formicid Fighter on June 26, 2021.
             Slain by a killer bee (5 damage)
             ... on level 6 of the Dungeon.
             The game lasted 00:01:41 (2575 turns).

dinky3 the Shield-Bearer (Formicid Fighter)         Turns: 2575, Time: 00:01:42

Health: -1/42      AC:  6    Str: 20 (21) XL:     5   Next: 22%
Magic:  5/5        EV:  8    Int:  5 (8)  God:
Gold:   23         SH:  9    Dex: 10 (12) Spells: 4/4 levels left

rFire    . . .     SeeInvis +   a - +0 war axe
rCold    . . .     Faith    .   c - +0 kite shield
rNeg     . . .     Spirit   .   b - +0 scale mail
rPois    .         Reflect  .   (helmet unavailable)
rElec    .         Harm     .   (no cloak)
rCorr    .         Rampage  .   (no gloves)
Will     .....                  (no boots)
Stlth    ..........             (no amulet)
HPRegen  0.14/turn              (no ring)
MPRegen  0.09/turn              (no ring)

@: lethally poisoned (-1 -> -4)
A: permanent stasis, dig shafts and tunnels, antennae 3, four strong arms, agile
1, wild magic 1
a: Dig, Shaft Self


You were on level 6 of the Dungeon.
You visited 1 branch of the dungeon, and saw 4 of its levels.

You collected 23 gold pieces.

Inventory:

Hand Weapons
 a - a +0 war axe (weapon)
Armour
 b - a +0 scale mail (worn)
 c - a +0 kite shield (worn)
Scrolls
 d - a scroll of holy word {unknown}
 e - a scroll of identify {unknown}
Potions
 g - a potion of heal wounds


   Skills:
 + Level 4.2 Fighting
 + Level 3.1 Axes
 - Level 3.6 Armour
 + Level 4.7 Shields


You had 4 spell levels left.
You didn't know any spells.
Your spell library was empty.

Dungeon Overview and Level Annotations

Branches:
Dungeon (3/15)

Altars:
Kikubaaqudgha


Innate Abilities, Weirdness & Mutations

You cannot be hasted, slowed, berserked, paralysed or teleported.
You can dig through walls and to a lower floor.
You have a pair of large antennae on your head. (SInv)
Your four strong arms can wield two-handed weapons with a shield.
You are agile. (Dex +2)
Your spells are a little harder to cast, but a little more powerful.


Message History

You feel very sick. The killer bee stings you.
You block the killer bee's attack.
It was a potion of mutation.
You feel extremely strange.
You feel agile.
You feel less in control of your magic.
You feel sick. The killer bee stings you. You block the killer bee's attack.
It was a potion of degeneration.
There was something very wrong with that liquid.
You feel weakened.
You feel dopey.
You feel clumsy.
You feel sick. You block the killer bee's attack. x2
You miss the killer bee.
The killer bee is heavily wounded.
You feel sick. The killer bee stings you. x2
You miss the killer bee.
The killer bee is heavily wounded.
You feel sick. The killer bee closely misses you.
The killer bee stings you but does no damage.
You block the killer bee's attack. The killer bee barely misses you.
You miss the killer bee.
The killer bee is heavily wounded.
You feel sick.
You are no longer poisoned.
You block the killer bee's attack. The killer bee barely misses you.
The killer bee stings you.
* * * LOW HITPOINT WARNING * * *
You hit the killer bee.
The killer bee is severely wounded.
You block the killer bee's attack. x2; The killer bee stings you.
* * * LOW HITPOINT WARNING * * *
You are poisoned.
The killer bee poisons you!
Unknown command.
Okay, then.
Are you sure you want to shaft yourself?
* * * LOW HITPOINT WARNING * * *
You feel sick.
The killer bee stings you but does no damage. x2
You begin to dig a shaft.
You continue digging a shaft.
* * * LOW HITPOINT WARNING * * *
You feel sick. The killer bee completely misses you. The killer bee stings you.
You die...

#########
#####.......#
............#
.y..........#
.....y......#$.
.....y.........
.♣♣####y.......
##y#....(..
#@##....... ###
....... .......
....... .......
.....##


You could see 2 killer bees.

Vanquished Creatures
  Jessica (D:2)
  Terence (D:2)
  2 adders
  2 worms (D:2)
  A dart slug (D:2)
  3 endoplasms
  4 goblins
  3 hobgoblins
  2 jackals (D:2)
  A quokka (D:2)
  4 ball pythons
  8 bats
  8 frilled lizards
  A kobold (D:2)
  2 rats
43 creatures vanquished.

Vanquished Creatures (others)
  2 plants (D:1)
2 creatures vanquished.

Grand Total: 45 creatures vanquished

Notes
Turn   | Place    | Note
-------+----------+-------------------------------------------
     0 | D:1      | dinky3 the Formicid Fighter began the quest for the Orb.
     0 | D:1      | Reached XP level 1. HP: 18/18 MP: 1/1
   113 | D:1      | Reached XP level 2. HP: 24/24 MP: 2/2
   725 | D:2      | Reached XP level 3. HP: 25/29 MP: 3/3
  1458 | D:2      | Noticed Terence
  1463 | D:2      | Killed Terence
  1464 | D:2      | Reached XP level 4. HP: 37/37 MP: 4/4
  1536 | D:2      | Found an ancient bone altar of Kikubaaqudgha.
  1540 | D:2      | Noticed Jessica
  1550 | D:2      | Killed Jessica
  1551 | D:2      | Reached XP level 5. HP: 16/42 MP: 5/5
  2558 | D:3      | You fall into a shaft and drop 3 floors!
  2568 | D:6      | Gained mutation: You are agile. (Dex +2) [potion of
                  | mutation]
  2568 | D:6      | Gained mutation: Your spells are a little harder to cast,
                  | but a little more powerful. [potion of mutation]
  2575 | D:6      | Slain by a killer bee

Illustrated notes

Levels and vault maps discovered:
D:1:      dpeg_arrival_erosion, layout_rooms, serial_bayou_lagoon_b
D:2:      layout_basic, basic_altar, uniq_terence, uniq_jessica
D:3:      layout_basic, nicolae_hepliaklqana_hippocampus,
          hellmonk_ecumenical_altar_zigzags
D:6:      layout_basic, kennysheep_little_box, serial_bayou,
          serial_bayou_crossing, serial_bayou_shore_a, serial_bayou_pond_b,
          serial_bayou_pond_c, serial_bayou_shore_b, serial_bayou_lake_a,
          uniq_grinder

Skill      XL: |  1  2  3  4 |
---------------+-------------+-----
Shields        | 4 |  4.7
Fighting       | 4 |  4.2
Axes           | 3 |  3.1
Armour         | |  3.6

Action                   |  1- 3 |  4- 6 || total
-------------------------+-------+-------++-------
Melee: War axe           |   114 |    46 ||   160
 Abil: Shaft Self        |       |     2 ||     2
       Dig               |       |     1 ||     1
  Use: Potion            |     3 |     4 ||     7
Armor: Scale mail        |    65 |    23 ||    88
Dodge: Dodged            |    55 |    14 ||    69
Block: Kite shield       |    85 |    39 ||   124

Table legend: (Time is in decaauts)
 A = Elapsed time spent in this place.
 B = Non-inter-level travel time spent in this place.
 C = Inter-level travel time spent in this place.
 D = Time resting spent in this place.
 E = Time spent auto-exploring this place.
 F = Levels seen in this place.
 G = Mean time per level.
                   A        B        C        D        E       F      G
               +--------+--------+--------+--------+--------+-----+--------+
         Total |   2669 |   2615 |     54 |    451 |   1767 |   4 |  667.2 |
       Dungeon |   2669 |   2615 |     54 |    451 |   1767 |   4 |  667.2 |
               +--------+--------+--------+--------+--------+-----+--------+

Top non-repeatable levels by time:
     D:2: 1742 daAuts
     D:1: 752 daAuts
     D:3: 153 daAuts
     D:6: 21 daAuts
